 Dungeon Crawl Stone Soup version 0.24-a0-537-g2d01d4ab0a (webtiles) character file.

Game seed: 12159205275326625172

119 BinkBink the Poker (level 4, -5/34 HPs)
             Began as a Demonspawn Gladiator on Aug 14, 2019.
             Slain by an ogre
             ... wielding a +0 giant club
              (25 damage)
             ... on level 4 of the Dungeon.
             The game lasted 00:05:35 (2736 turns).

BinkBink the Poker (Demonspawn Gladiator)           Turns: 2736, Time: 00:05:37

Health: -5/34      AC:  8    Str: 19    XL:     4   Next: 74%
Magic:  4/4        EV: 13    Int: 14    God:
Gold:   113        SH:  0    Dex: 15    Spells: 3/3 levels left

rFire    . . .     SeeInvis .   v - +9 mace of Exquisite Torment {crush, -Tele Str+5 Stlth+}
rCold    . . .     Gourm    .   (no shield)
rNeg     . . .     Faith    +   b - +0 leather armour
rPois    .         Spirit   .   c - +0 helmet
rElec    .         Reflect  .   (no cloak)
rCorr    +         Harm     .   r - +0 pair of gloves
MR       .....     NoTele   +   p - +0 pair of boots
Stlth    +++.......             o - amulet of faith
HPRegen  0.11/turn              j - +4 ring of intelligence
MPRegen  0.09/turn              u - ring of resist corrosion

@: no status effects
A: claws 1, thin metallic scales 1
a: no special abilities


You were on level 4 of the Dungeon.
You were very hungry.

You visited 1 branch of the dungeon, and saw 4 of its levels.

You collected 113 gold pieces.

Inventory:

Hand Weapons
 a - a +0 trident
 v - the +9 mace of Exquisite Torment (weapon) {crush, -Tele Str+5 Stlth+}
   (You found it on level 4 of the Dungeon)

   It inflicts extra damage upon your enemies.
   It affects your strength (+5).
   It prevents most forms of teleportation.
   It makes you more stealthy.
Missiles
 d - 3 throwing nets (quivered)
Armour
 b - a +0 leather armour (worn)
 c - a +0 helmet (worn)
 p - a +0 pair of boots (worn)
 r - a +0 pair of gloves (worn)
Jewellery
 j - a +4 ring of intelligence (left hand)
 o - an amulet of faith (around neck)
 u - a ring of resist corrosion (right hand)
Scrolls
 g - 2 scrolls of blinking {unknown}
 l - 2 scrolls of magic mapping {unknown}
 m - 2 scrolls of enchant weapon {unknown}
 n - a scroll of teleportation {unknown}
 q - 2 scrolls of identify {unknown}
Potions
 e - a potion of resistance {unknown}
 h - a potion of might {unknown}
 i - 3 potions of mutation {unknown}
 k - a potion of curing {unknown}
 s - a potion of berserk rage {unknown}
 t - a potion of agility {unknown}
Comestibles
 f - 4 rations


   Skills:
 + Level 2.5 Fighting
 + Level 3.6 Polearms
 + Level 1.9 Throwing
 + Level 1.3 Armour
 + Level 3.1 Dodging
 + Level 1.7 Stealth


You had 3 spell levels left.
You didn't know any spells.
Your spell library was empty.

Dungeon Overview and Level Annotations

Branches:
Dungeon (4/15)
 Temple: D:4-7

Altars:
Fedhas
Kikubaaqudgha
Qazlal
Trog
Yredelemnul
Zin


Innate Abilities, Weirdness & Mutations

You have sharp fingernails.
You are partially covered in thin metallic scales. (AC +2)


Message History

The ogre is too close now for your liking.
The ogre shouts!
The ogre is too close now for your liking.
You hit the ogre.
The ogre is lightly wounded.
The ogre closely misses you.
You hit the ogre.
The ogre is moderately wounded.
The ogre closely misses you.
You hit the ogre.
The ogre is heavily wounded.
The ogre hits you with a +0 giant club!
You sock the ogre!
The ogre is almost dead.
The ogre misses you.
You barely miss the ogre.
The ogre is almost dead.
The ogre hits you with a +0 giant club!!
Ouch! That really hurt!
You die...

#.#............#.#
#.#####..#####.#.#
#..............#.#
#..####..###.#.#.#
...#.........# #.#
...#.##<.##..#.#.#
...#.##O.......#.#
...#.###.####.##.##
...#...........O@.#
...#.#.#.#........#
.#.#.#.#.#....#...#
##.#.#.#.######...#
#.#............#
#.###.######...#
#.......w...w....#
##...##.########.#
#.. ..?


You could see an ogre.

Vanquished Creatures
  2 oozes (D:1)
  6 worms (D:2)
  2 dart slugs
  A leopard gecko (D:1)
  2 orcs
  11 bats
  7 giant cockroaches
  7 goblins
  3 hobgoblins (D:3)
  13 jackals
  3 quokkas
  9 frilled lizards
  6 kobolds
  10 rats
82 creatures vanquished.

Notes
Turn   | Place    | Note
-------+----------+-------------------------------------------
     0 | D:1      | BinkBink the Demonspawn Gladiator began the quest for the
                  | Orb.
     0 | D:1      | Reached XP level 1. HP: 16/16 MP: 1/1
    90 | D:1      | Gained mutation: You have sharp fingernails. [demonic
                  | ancestry]
    90 | D:1      | Reached XP level 2. HP: 18/22 MP: 2/2
   612 | D:1      | Gained mutation: You are partially covered in thin metallic
                  | scales. (AC +2) [demonic ancestry]
   612 | D:1      | Reached XP level 3. HP: 26/27 MP: 3/3
   799 | D:2      | Reached skill level 1 in Stealth
   942 | D:2      | Reached skill level 1 in Armour
   965 | D:2      | Reached XP level 4. HP: 29/34 MP: 4/4
  1703 | D:3      | Found a faded altar of an unknown god.
  2209 | D:3      | Found a bloodstained altar of Trog.
  2212 | D:3      | Found a blossoming altar of Fedhas.
  2215 | D:3      | Found a stormy altar of Qazlal.
  2215 | D:3      | Found a basalt altar of Yredelemnul.
  2216 | D:3      | Found an ancient bone altar of Kikubaaqudgha.
  2219 | D:3      | Found a glowing silver altar of Zin.
  2317 | D:4      | Noticed an ogre
  2587 | D:4      | Got a faintly glowing mace
  2588 | D:4      | Identified the +9 mace of Exquisite Torment {crush, -Tele
                  | Str+5 Stlth+} (You found it on level 4 of the Dungeon)
  2736 | D:4      | Slain by an ogre

Levels and vault maps discovered:
D:1:      dpeg_arrival_long_road, layout_loops_ring
D:2:      layout_loops_ring
D:3:      layout_loops_ring, minitemple, chequers_ecumenical_altar_simple,
          bh_chokoban, minmay_randomly_rotated_circles, uniq_ijyb
D:4:      layout_basic, ebering_ghost_gozag, uniq_natasha

Skill      XL: |  1  2  3 |
---------------+----------+-----
Polearms       | 3 |  3.6
Dodging        | 3 |  3.1
Stealth        | 1 |  1.7
Armour         | 1 |  1.3
Fighting       | |  2.5
Throwing       | |  1.9

Action                   |  1- 3 |  4- 6 || total
-------------------------+-------+-------++-------
Melee: Trident           |   144 |   133 ||   277
       Mace              |       |     6 ||     6
 Stab: Sleeping          |     9 |     5 ||    14
  Eat: Chunk             |       |     5 ||     5
Armor: Leather armour    |    35 |    41 ||    76
Dodge: Dodged            |    70 |   111 ||   181

Table legend:
 A = Non-vault XP
 B = Vault XP
 C = Vault XP percentage of total XP
 D = Non-vault monster count
 E = Vault monster count
 F = Vault count percentage of total count
                 A         B        C        D         E       F
            +---------+---------+-------+---------+---------+-------
      Total |     162 |       9 |   5.3 |      77 |       5 |   6.1
            +---------+---------+-------+---------+---------+-------
        D:1 |      56 |       0 |   0.0 |      27 |       0 |   0.0
        D:2 |      81 |       0 |   0.0 |      37 |       0 |   0.0
        D:3 |      20 |       9 |  31.0 |      11 |       5 |  31.2
        D:4 |       5 |       0 |   0.0 |       2 |       0 |   0.0
            +---------+---------+-------+---------+---------+-------
